AoeStats
← 神风咕噜噜

Fortress

508890990Analyzed
4v4 RM · 9d ago on Sep 24, 2026· 63m 23s· 8 players
Game mode
Random Map
Map size
Huge
Population
200
Speed
Normal
Resources
Standard
Victory
Conquest
Starting age
Dark Age
Ending age
Imperial Age
RankedLock teamsTeams togetherTeam positionsShared explorationLock speedFull tech treeHidden civsTurbo modeCheats
Victory
Defeat
🇦🇹 Italians · Austria
932
+12
🇫🇷 Franks · France
900
+14
🇨🇦 Malay · Canada
899
+14
🇨🇿 Ethiopians · Czechia
782
+19
🇦🇹 Franks · Austria
854
-15
🇨🇳 Japanese · China
851
-15
🇨🇳 Shu · China
847
-15
🇪🇸 Saxons · Spain
834
-14
Giye
8:29 Feudal Age
12:50 Scale Mail Armor
13:01 Forging
12:43 Arson
15:25 Castle Age
13:11 Loom
14:41 Double-Bit Axe
14:39 Horse Collar
18:07 Bow Saw
18:15 Squires
18:02 Gambesons
23:25 Heavy Plow
23:49 Town Watch
24:39 Wheelbarrow
27:51 Iron Casting
27:31 Chain Mail Armor
27:08 Fletching
34:13 Imperial Age
34:27 Gold Mining
34:29 Stone Mining
35:36 Hand Cart
35:22 Town Patrol
37:31 Elite Varangian Guard
39:55 Two-Man Saw
42:24 Capped Ram
神风咕噜噜
6:48 Feudal Age
11:29 Castle Age
13:05 Double-Bit Axe
13:45 Squires
13:54 Scale Mail Armor
15:25 Wheelbarrow
14:56 Loom
20:40 Scale Barding Armor
21:44 Gold Mining
21:45 Horse Collar
22:35 Bow Saw
22:38 Husbandry
23:09 Heavy Plow
25:01 Ballistics
25:31 Chain Barding Armor
26:49 Gold Shaft Mining
29:00 Imperial Age
29:12 Hand Cart
31:03 Chemistry
30:09 Siege Engineers
31:06 Conscription
30:53 Bolt Magazine
31:15 Conscription
30:44 Capped Ram
31:23 Town Watch
31:31 Stone Mining
32:19 Plate Barding Armor
33:05 Fortified Wall
34:37 Caravan
35:57 Fletching
36:08 Padded Archer Armor
38:19 Masonry
38:05 Murder Holes
41:29 Town Patrol
51:29 Bodkin Arrow
53:08 Bracer
57:15 Architecture
小菜机
9:00 Feudal Age
10:06 Double-Bit Axe
12:52 Castle Age
10:56 Gold Mining
12:47 Scale Mail Armor
12:59 Forging
17:34 Gold Shaft Mining
17:41 Bow Saw
20:27 Wheelbarrow
22:05 Hand Cart
22:58 Chain Mail Armor
25:03 Iron Casting
32:39 Imperial Age
34:12 Padded Archer Armor
34:03 Fletching
35:14 Blast Furnace
34:46 Plate Mail Armor
35:42 Thumb Ring
35:42 Stone Mining
35:36 Crossbowman
37:39 Two-Man Saw
36:19 Arbalester
37:00 Bodkin Arrow
Law
4:45 Loom
6:01 Loom
8:49 Feudal Age
9:37 Double-Bit Axe
12:25 Wheelbarrow
12:45 Wheelbarrow
17:03 Castle Age
15:59 Scale Barding Armor
15:54 Scale Mail Armor
15:50 Gold Mining
15:52 Stone Mining
19:11 Bow Saw
20:14 Husbandry
20:59 Town Watch
21:36 Hand Cart
24:58 Chain Barding Armor
26:20 Light Cavalry
27:43 Town Watch
29:27 Squires
32:43 Imperial Age
31:22 Pikeman
31:48 Arson
32:28 Chain Mail Armor
34:03 Cavalier
35:28 Halberdier
R.I.P
8:17 Feudal Age
9:26 Loom
12:57 Castle Age
11:09 Double-Bit Axe
11:07 Horse Collar
13:28 Wheelbarrow
13:08 Bow Saw
16:39 Heavy Plow
18:46 Stone Mining
18:49 Gold Mining
20:08 Gold Shaft Mining
20:10 Stone Shaft Mining
20:23 Hand Cart
26:51 Imperial Age
24:52 Treadmill Crane
25:59 Forging
25:56 Scale Barding Armor
26:56 Conscription
26:41 Forced Levy
26:48 Forced Levy
28:17 Chemistry
27:25 Squires
26:55 Man-at-Arms
27:24 Arson
28:19 Iron Casting
27:40 Long Swordsman
28:32 Two-Handed Swordsman
29:17 Crossbowman
30:02 Thumb Ring
29:51 Fletching
30:02 Padded Archer Armor
30:56 Ballistics
32:27 Blast Furnace
31:43 Bodkin Arrow
32:03 Leather Archer Armor
31:48 Arbalester
35:46 Caravan
Socrate78
7:00 Feudal Age
11:48 Castle Age
10:15 Double-Bit Axe
11:08 Gold Mining
14:01 Wheelbarrow
15:08 Gold Shaft Mining
16:10 Stone Mining
18:26 Scale Barding Armor
24:39 Imperial Age
22:20 Padded Archer Armor
22:49 Squires
22:10 Pikeman
23:31 Forging
25:17 Iron Casting
27:18 Conscription
27:26 Chain Barding Armor
27:48 Fortified Wall
28:54 Scale Mail Armor
31:22 Plate Barding Armor
31:48 Blast Furnace
31:48 Cavalier
33:36 Husbandry
33:54 Halberdier
36:29 Chain Mail Armor
40:28 Plate Mail Armor
40:15 Leather Archer Armor
41:10 Ordonnance Companies
44:12 Elite Throwing Axeman
48:02 Chivalry
49:23 Fletching
53:22 Bow Saw
57:16 Caravan
58:41 Elite Skirmisher
62:17 Coinage
Tomas18078
2:34 Loom
8:19 Feudal Age
9:06 Double-Bit Axe
12:16 Gold Mining
12:15 Horse Collar
12:24 Town Watch
15:00 Castle Age
12:28 Man-at-Arms
13:35 Stone Mining
14:15 Fletching
17:15 Wheelbarrow
17:02 Heavy Plow
18:02 Bow Saw
19:41 Crossbowman
23:14 Thumb Ring
24:25 Padded Archer Armor
35:42 Scale Mail Armor
37:17 Ballistics
37:08 Masonry
37:09 Fortified Wall
38:39 Bodkin Arrow
38:50 Squires
40:01 Hand Cart
44:36 Forging
44:50 Town Patrol
48:11 Iron Casting
47:26 Arson
49:21 Leather Archer Armor
49:53 Caravan
60:00 Imperial Age
58:27 Royal Heirs
58:44 Chain Mail Armor
60:41 Capped Ram
61:39 Siege Engineers
63:30 Two-Man Saw
63:08 Plate Mail Armor
62:03 Siege Ram
[AUT] Sniper
9:31 Feudal Age
10:37 Double-Bit Axe
13:34 Castle Age
16:07 Fletching
18:58 Bow Saw
19:01 Padded Archer Armor
22:54 Wheelbarrow
30:26 Imperial Age
28:16 Leather Archer Armor
27:56 Bodkin Arrow
29:02 Scale Mail Armor
29:33 Hand Cart
29:18 Gold Mining
29:18 Light Cavalry
30:12 Bloodlines
30:04 Husbandry
30:35 Hussar
31:39 Conscription
31:40 Elite Genoese Crossbowman
33:39 Forging
33:34 Scale Barding Armor
34:53 Elite Skirmisher
35:38 Thumb Ring
35:37 Bracer
36:08 Ring Archer Armor
39:22 Chemistry
38:42 Ballistics
40:39 Iron Casting
40:26 Chain Barding Armor
43:13 Pikeman
46:43 Caravan
49:20 Squires
49:05 Arson
53:29 Two-Man Saw
53:59 Blast Furnace
55:09 Plate Barding Armor
55:12 Horse Collar
55:19 Loom
59:12 Chain Mail Armor
58:46 Town Watch
59:29 Silk Road
Connection lost

Rejoining the realm…

Still unreachable

The connection could not be restored.

Session expired

The server has moved on; the page needs a fresh start.